 Dungeon Crawl Stone Soup version 0.26-a0-812-g31a745ddcd (webtiles) character file.

Game seed: 11308821134772457578

765 kae the Ruffian (level 7, -1/57 HPs)
             Began as a Pale Draconian Transmuter on Dec 7, 2020.
             Was an Initiate of Ru.
             Slain by an orc warrior
             ... wielding a +0 halberd
              (17 damage)
             ... on level 6 of the Dungeon.
             The game lasted 00:02:52 (5830 turns).

kae the Ruffian (Pale Draconian Transmuter)         Turns: 5830, Time: 00:02:53

Health: -1/57      AC:  6    Str: 14    XL:     7   Next: 52%
Magic:  12/12      EV: 13    Int: 13    God:    Ru [......]
Gold:   237        SH:  0    Dex: 12    Spells: 3/12 levels left

rFire    . . .     SeeInvis .   d - +2 whip (elec)
rCold    . . .     Faith    .   (no shield)
rNeg     . . .     Spirit   .   (armour unavailable)
rPois    .         Reflect  .   (helmet restricted)
rElec    .         Harm     .   p - scarf {repulsion}
rCorr    .         Rampage  .   (no gloves)
MR       .....                  (no boots)
Stlth    +.........             (no amulet)
HPRegen  0.19/turn              (no ring)
MPRegen  0.13/turn              (no ring)

@: short of breath, repel missiles
A: breathe steam, unfitting armour, cold-blooded, AC +6
a: Breathe Steam, Renounce Religion


You were on level 6 of the Dungeon.
You worshipped Ru.
Ru was noncommittal.
You visited 2 branches of the dungeon, and saw 7 of its levels.

You collected 237 gold pieces.

Inventory:

Hand Weapons
 d - a +2 whip of electrocution (weapon)
Armour
 p - a scarf of repulsion (worn)
Jewellery
 h - an uncursed ring of wizardry {unknown}
 l - an uncursed amulet of faith {unknown}
 m - an uncursed amulet of guardian spirit {unknown}
Wands
 t - a wand of acid (11)
 u - a wand of flame (14)
Scrolls
 b - 3 scrolls of magic mapping {unknown}
 c - 2 scrolls of amnesia {unknown}
 e - 4 scrolls of teleportation {unknown}
 i - a scroll of fog {unknown}
 j - 2 scrolls of remove curse {unknown}
 q - a scroll of identify {unknown}
 r - a scroll of enchant weapon {unknown}
 w - a scroll of fear {unknown}
 x - a scroll of enchant armour {unknown}
Potions
 a - a potion of ambrosia {unknown}
 f - 3 potions of curing {unknown}
 g - 2 potions of flight {unknown}
 k - a potion of haste {unknown}
 n - a potion of resistance {unknown}
 o - a potion of heal wounds
 s - a potion of degeneration {unknown}
 v - a potion of might {unknown}


   Skills:
 + Level 3.3 Fighting
 + Level 3.1 Dodging
 * Level 5.2 Unarmed Combat
 + Level 3.4 Spellcasting
 * Level 4.6 Transmutations
 - Level 2.0 Poison Magic


You had 3 spell levels left.
You knew the following spells:

 Your Spells              Type           Power        Failure   Level
a - Beastly Appendage     Tmut           ##....       3%          1
b - Spider Form           Tmut/Pois      ##........   17%         3
c - Blade Hands           Tmut           ##........   67%         5

Your spell library contained the following spells:

 Spells                   Type           Power        Failure   Level
 Wereblood                Tmut           ##......     4%          2
 Animate Skeleton         Necr           #.....       22%         1
 Corona                   Hex            #......      22%         1
 Ensorcelled Hibernation  Hex/Ice        #.....       32%         2
 Confusing Touch          Hex            #.......     54%         3
 Dazzling Flash           Conj/Hex       #.....       54%         3
 Tukima's Dance           Hex            #.......     54%         3
 Ice Form                 Ice/Tmut       #.......     63%         4


Dungeon Overview and Level Annotations

Branches:
Dungeon (6/15)             Temple (1/1) D:4

Altars:
Ashenzari
Cheibriados
Elyvilon
Gozag
Kikubaaqudgha
Makhleb
Nemelex Xobeh
Okawaru
Qazlal
Ru
Sif Muna
Uskayaw
Vehumet
Wu Jian
Xom
Yredelemnul
Zin
The Shining One

Shops:
D:4 (


Innate Abilities, Weirdness & Mutations

You can breathe blasts of scalding, opaque steam.
Your pale cyan-grey scales are hard. (AC +6)
You cannot fit into any form of body armour.
You are cold-blooded and may be slowed by cold attacks.


Message History

The orc warrior hits you with a +0 halberd!
* * * LOW HITPOINT WARNING * * *
You barely miss the orc warrior.
You tail-slap the orc warrior, but do no damage.
The orc warrior is moderately wounded.
The orc warrior hits you with a +0 halberd!
* * * LOW HITPOINT WARNING * * *
Okay, then.
You feel much better.
Press: ? - help, Shift-Dir - straight line, f - orc warrior
Aim: an orc warrior, wielding a +0 halberd, wearing a +0 plate armour and quivering 7 boomerangs (moderately wounded)
You fail to use your ability.
The orc warrior hits you with a +0 halberd!!
* * * LOW HITPOINT WARNING * * *
Press: ? - help, Shift-Dir - straight line, f/p - orc warrior
Aim: an orc warrior, wielding a +0 halberd, wearing a +0 plate armour and quivering 7 boomerangs (moderately wounded)
You exhale a blast of scalding steam.
The ball of steam hits the orc warrior!
The orc warrior is severely wounded.
The orc warrior hits you with a +0 halberd!
You die...

...##..#.###
.#.........##
.#..........# ####
..##.......## #..##
...#......## #...#
#>.........#####...##
###...........##....##
...#................#
...#.......##.)@o...#
.......##....###......#
.......#....##
#.......# ..#.####)..
#...##..# # #... ......
## #... .....## .).
.....# .....##


You could see an orc warrior.

Vanquished Creatures
  A sky beast (D:5)
  Blork the orc (D:4)
  4 hounds
  A bullfrog skeleton (D:4)
  A centaur skeleton (D:4)
  3 iguanas (D:5)
  Natasha (thrice) (D:3)
  A worker ant (D:5)
  A hound skeleton (D:4)
  4 gnolls (D:4)
  9 adders
  A shadow imp (D:5)
  2 white imps (D:5)
  2 oozes
  2 dart slugs
  3 worms
  2 leopard geckos (D:2)
  9 orcs
  A ball python (D:1)
  3 giant cockroaches
  4 goblins
  8 hobgoblins
  6 jackals
  3 quokkas
  5 bats
  5 frilled lizards
  A goblin zombie (D:5)
  2 hobgoblin zombies (D:5)
  A jackal skeleton (D:5)
  4 kobolds
  3 kobold skeletons (D:5)
  2 kobold zombies (D:5)
  6 rats
104 creatures vanquished.

Notes
Turn   | Place    | Note
-------+----------+-------------------------------------------
     0 | D:1      | kae the Draconian Transmuter began the quest for the Orb.
     0 | D:1      | Reached XP level 1. HP: 16/16 MP: 3/3
   280 | D:1      | Reached XP level 2. HP: 23/23 MP: 3/5
  1385 | D:2      | Reached XP level 3. HP: 20/28 MP: 6/6
  1777 | D:2      | Learned a level 3 spell: Spider Form
  2001 | D:2      | Reached XP level 4. HP: 32/36 MP: 5/7
  2216 | D:3      | Found a glowing silver altar of Zin.
  2222 | D:3      | Found a burning altar of Makhleb.
  2239 | D:3      | Found a sparkling altar of Nemelex Xobeh.
  2532 | D:3      | Reached skill level 1 in Poison Magic
  2680 | D:3      | Found a snail-covered altar of Cheibriados.
  2714 | D:3      | Noticed Natasha
  2723 | D:3      | Killed Natasha
  2723 | D:3      | Reached XP level 5. HP: 37/41 MP: 8/8
  3323 | D:3      | Noticed Natasha
  3328 | D:3      | Killed Natasha
  3328 | D:3      | Reached skill level 4 in Unarmed Combat
  3539 | D:3      | Noticed Natasha
  3550 | D:3      | Killed Natasha
  3987 | D:4      | Reached XP level 6. HP: 46/49 MP: 8/10
  4041 | D:4      | Found Qyiklaq's Antique Weapon Boutique.
  4289 | D:4      | Found a staircase to the Ecumenical Temple.
  4363 | Temple   | Entered the Ecumenical Temple
  4443 | Temple   | Became a worshipper of Ru the Awakened
  4539 | D:4      | Noticed Blork the orc
  4548 | D:4      | Killed Blork the orc
  4806 | D:5      | Entered Level 5 of the Dungeon
  4843 | D:5      | Found a radiant altar of Vehumet.
  4843 | D:5      | Found an ancient bone altar of Kikubaaqudgha.
  4844 | D:5      | Found a shimmering blue altar of Sif Muna.
  4849 | D:5      | Identified Kikubaaqudgha's Catalogue of Dark Arts
  4935 | D:5      | Learned a level 5 spell: Blade Hands
  4977 | D:5      | Your scales start taking on a pale cyan-grey colour.
  4977 | D:5      | Reached XP level 7. HP: 25/57 MP: 0/11
  5194 | D:5      | Found a glowing golden altar of the Shining One.
  5464 | D:5      | Reached skill level 5 in Unarmed Combat
  5830 | D:6      | Slain by an orc warrior

Illustrated notes

Levels and vault maps discovered:
D:1:      moated_graveyard_arrival, layout_basic
D:2:      layout_loops_cross, hangedman_decor_points
D:3:      layout_basic, kennysheep_slug_shrine,
          minmay_overflow_temple_star_quad, uniq_natasha
D:4:      layout_rooms, minmay_temple_entry_mini_moons, serial_corexii_hall,
          corexii_hall_statues_i, corexii_hall_statues_l,
          corexii_hall_statues_x, corexii_hall_statues_deadend,
          corexii_hall_statues_i, corexii_hall_statues_t, serial_shops,
          nicolae_shop_waterfront, dk_noncrumbling_4, uniq_blork_the_orc
D:5:      layout_cave_pools, grunt_temple_overflow_magic_moments,
          nicolae_tso_besieged_by_evil
D:6:      layout_cave_pools, nicolae_dithmenos_the_darkroom, serial_shops,
          shop_fountains, uniq_pikel
Temple:   eino_temple_lava

Skill      XL: |  1  2  3  4  5  6  7 |
---------------+----------------------+-----
Dodging        | 2 3 |  3.1
Poison Magic   | 1 2 |  2.0
Transmutations | 3 4 |  4.6
Fighting       | 2 3 |  3.3
Unarmed Combat | 4 5 |  5.2
Spellcasting   | 3 |  3.4

Action                   |  1- 3 |  4- 6 |  7- 9 || total
-------------------------+-------+-------+-------++-------
Melee: Unarmed           |    34 |       |       ||    34
       Headbutt          |     5 |    11 |     1 ||    17
       Kick              |     3 |    27 |       ||    30
       Whip              |    63 |   146 |    47 ||   256
       Tailslap          |     8 |    10 |     5 ||    23
       Punch             |       |     2 |     1 ||     3
 Cast: Beastly Appendage |    20 |    26 |     1 ||    47
 Abil: Breathe Steam     |       |       |     8 ||     8
  Use: Potion            |       |       |     1 ||     1
 Stab: Sleeping          |       |       |     1 ||     1
Armor: Skin              |    27 |    61 |     9 ||    97
Dodge: Dodged            |    71 |    92 |    39 ||   202
       Repelled          |       |       |     2 ||     2

Table legend: (Time is in decaauts)
 A = Elapsed time spent in this place.
 B = Non-inter-level travel time spent in this place.
 C = Inter-level travel time spent in this place.
 D = Time resting spent in this place.
 E = Time spent auto-exploring this place.
 F = Levels seen in this place.
 G = Mean time per level.
                   A        B        C        D        E       F      G
               +--------+--------+--------+--------+--------+-----+--------+
         Total |   5863 |   5672 |    191 |    262 |   4652 |   7 |  837.6 |
       Dungeon |   5774 |   5591 |    183 |    262 |   4581 |   6 |  962.3 |
        Temple |     88 |     81 |      7 |      0 |     71 |   1 |   88.0 |
               +--------+--------+--------+--------+--------+-----+--------+

Top non-repeatable levels by time:
     D:3: 1671 daAuts
     D:1: 1158 daAuts
     D:2: 999 daAuts
     D:4: 913 daAuts
     D:5: 908 daAuts
     D:6: 123 daAuts
  Temple: 88 daAuts
